 Dungeon Crawl Stone Soup version 0.25.1-2-g60ff931df9 (webtiles) character file.

Game seed: 6308112026415275984

41402 tempo the Eclecticist (level 13, -5/72 HPs)
             Began as a Deep Elf Wizard on Oct 1, 2020.
             Was a High Priest of Vehumet.
             Slain by a komodo dragon (26 damage)
             ... on level 6 of the Lair of Beasts on Oct 2, 2020.
             The game lasted 01:07:56 (24863 turns).

tempo the Eclecticist (Deep Elf Wizard)            Turns: 24863, Time: 01:07:56

Health: -5/72      AC: 14    Str:  4    XL:     13   Next: 79%
Magic:  16/36      EV:  9    Int: 29    God:    Vehumet [*****.]
Gold:   1370       SH:  5    Dex: 13    Spells: 29/47 levels left

rFire    . . .     SeeInvis +   x - +5 quarterstaff "Grom" {vorpal, rElec rF+ rN+ SInv}
rCold    + . .     Gourm    .   (shield currently unavailable)
rNeg     + . .     Faith    .   H - +2 ring mail {rPois}
rPois    +         Spirit   .   a - +5 hat "Ubrih" {rPois rF- Slay+3}
rElec    +         Reflect  +   (no cloak)
rCorr    .         Harm     .   N - +0 pair of gloves
MR       +....                  (no boots)
Stlth    ++........             c - amulet of reflection
HPRegen  0.22/turn              U - ring of protection from cold
MPRegen  0.25/turn              w - ring of wizardry

@: lethally poisoned (-5 -> -14), slowed, very slow
A: no striking features
a: Renounce Religion


You were on level 6 of the Lair of Beasts.
You worshipped Vehumet.
Vehumet was extremely pleased with you.
You were not hungry.

You visited 3 branches of the dungeon, and saw 18 of its levels.
You also visited: Ice Cave.

You collected 1370 gold pieces.

Inventory:

Hand Weapons
 x - the +5 quarterstaff "Grom" (weapon) {vorpal, rElec rF+ rN+ SInv}
   (You found it on level 5 of the Dungeon)

   It inflicts extra damage upon your enemies.
   It protects you from fire.
   It insulates you from electricity.
   It protects you from negative energy.
   It lets you see invisible.
Missiles
 p - 35 bolts
Armour
 a - the +5 hat "Ubrih" (worn) {rPois rF- Slay+3}
   (You acquired it in the Ecumenical Temple)

   It affects your accuracy and damage with ranged weapons and melee attacks
   (+3).
   It makes you vulnerable to fire.
   It protects you from poison.
 H - a +2 ring mail of poison resistance (worn)
 N - a +0 pair of gloves (worn)
Jewellery
 b - an uncursed ring of protection from cold
 c - an amulet of reflection (around neck)
 w - a ring of wizardry (right hand)
 R - an uncursed amulet of regeneration
 U - a ring of protection from cold (left hand)
Wands
 e - a wand of clouds (4)
 g - a wand of acid (9)
 l - a wand of random effects (15)
 m - a wand of disintegration (7)
 G - a wand of digging (17)
Scrolls
 f - a scroll of holy word {unknown}
 h - a scroll of magic mapping
 i - a scroll of amnesia
 j - 2 scrolls of identify
 n - a scroll of fear {unknown}
 o - 2 scrolls of blinking
 q - 4 scrolls of remove curse
 r - 5 scrolls of enchant weapon
 s - a scroll of teleportation {unknown}
 F - a scroll of summoning {unknown}
Potions
 k - 7 potions of curing
 t - a potion of flight
 z - a potion of heal wounds
 A - 4 potions of haste
 J - a potion of magic
Miscellaneous
 S - a phantom mirror
Comestibles
 d - 41 rations
 u - 3 chunks of flesh


   Skills:
 + Level 5.3 Fighting
 - Level 6.0 Armour
 - Level 3.0 Dodging
 - Level 3.1 Stealth
 * Level 17.5 Spellcasting
 * Level 14.6 Conjurations
 - Level 1.1 Summonings
 - Level 1.1 Translocations
 + Level 10.4 Fire Magic
 - Level 1.0 Air Magic
 - Level 1.1 Earth Magic
 - Level 1.0 Poison Magic
 - Level 2.0 Evocations


You had 29 spell levels left.
You knew the following spells:

 Your Spells              Type           Power        Failure   Level  Hunger
a - Magic Dart            Conj           ####         0%          1    None
b - Mephitic Cloud        Conj/Pois/Air  ######..     1%          3    None
c - Call Imp              Summ           ####....     3%          2    None
d - Blink                 Tloc           N/A          3%          2    None
e - Conjure Flame         Conj/Fire      #######.     1%          3    None
f - Foxfire               Conj/Fire      ####         1%          1    None
g - Bolt of Magma         Conj/Fire/Erth ######....   1%          5    None
h - Apportation           Tloc           ####..       2%          1    None

Your spell library contained the following spells:

 Spells                   Type           Power        Failure   Level  Hunger
 Olgreb's Toxic Radiance  Pois           ####....     6%          4    None
 Hailstorm                Conj/Ice       ######..     1%          4    None
 Iskenderun's Mystic Bla  Conj/Tloc      ######..     1%          4    None
 Summon Small Mammal      Summ           ####         2%          1    None
 Animate Skeleton         Necr           N/A          3%          1    None
 Corona                   Hex            ####...      3%          1    None
 Pain                     Necr           ####         3%          1    None
 Slow                     Hex            ####....     4%          2    None
 Vampiric Draining        Necr           ####......   10%         3    None
 Dispel Undead            Necr           ####....     32%         4    None


Dungeon Overview and Level Annotations

Branches:
Dungeon (11/15)            Temple (1/1) D:4            Lair (6/6) D:9
  Swamp (0/4) Lair:2        Snake (0/4) Lair:2        Slime (0/5) Lair:5
    Orc (0/2) D:10          IceCv (visited)

Altars:
Ashenzari
Cheibriados
Elyvilon
Gozag
Makhleb
Nemelex Xobeh
Okawaru
Qazlal
Sif Muna
Trog
Uskayaw
Vehumet
Wu Jian
Xom
Yredelemnul
Zin
The Shining One
Jiyva

Annotations:
Lair:4 3 runed translucent doors, Xyudeake's ghost, journeyman DEFE


Message History

The crocodile bites something.
The crocodile bites itself!
The torpor snail bites you but does no damage.
The black mamba bites you.
Found a potion of lignification.
The black mamba barely misses you. x2
The black mamba bites you!
You are poisoned.
The black mamba poisons you!
The water moccasin bites you but does no damage.
You feel very sick.
The black mamba bites you but does no damage. x2
The water moccasin bites you but does no damage.
You feel sick. You block the black mamba's attack.
There is an escape hatch in the ceiling here.
You feel sick. The black mamba bites you.
The torpor snail bites you but does no damage.
The black mamba bites you!
* * * LOW HITPOINT WARNING * * *
The komodo dragon bites you!!
You die...

### P.## #.##
P.P..#####S@#
..PP#...#Ywl##
#.......Y.S.#
.##.#........#...
..$......Y..t....#
..........Y.......)!.
........#.Y............
.........#.............#
..........##..........P#


You could see 3 elephants, a torpor snail, a komodo dragon, a black mamba, 2
yaks, a water moccasin and a crocodile.

Vanquished Creatures
  A frost giant (IceCv)
  4 hydras
  A two-headed ogre (D:11)
  4 death yaks
  A lindwurm (Lair:4)
  A cyclops (D:11)
  2 elephants (Lair:6)
  A moth of wrath (D:9)
  4 black mambas
  Psyche (D:11)
  An ice statue (IceCv)
  11 spiny frogs
  Joseph (Lair:1)
  2 rime drakes
  2 komodo dragons
  2 ice devils (Lair:3)
  14 polar bears
  A troll (D:10)
  A hornet (D:7)
  A queen bee (D:9)
  3 blink frogs (Lair:4)
  4 dream sheep (Lair:1)
  5 hippogriffs
  A wraith (D:11)
  A wyvern (D:11)
  66 yaks
  A hungry ghost (D:10)
  13 porcupines
  9 water moccasins
  3 ice beasts
  A black bear (D:11)
  8 orc warriors
  4 phantoms
  4 sky beasts
  A necrophage (D:11)
  17 wolves
  2 ogres
  4 centaurs
  9 crocodiles
  16 bullfrogs
  25 killer bees
  2 scorpions
  6 electric eels (Lair:2)
  5 wights (D:10)
  6 howler monkeys
  7 crimson imps
  2 bullfrog zombies
  5 hounds
  5 jellies
  A quasit (D:10)
  A centaur zombie (D:8)
  4 orc priests
  2 bullfrog skeletons
  10 orc wizards
  A centaur skeleton (D:11)
  An iron imp (D:9)
  An iguana (D:8)
  5 worker ants
  8 gnolls
  17 adders
  2 shadow imps
  An ooze (Lair:5)
  5 worms
  3 dart slugs
  4 leopard geckos
  52 orcs
  A giant cockroach (D:7)
  5 goblins
  6 hobgoblins
  4 jackals
  4 quokkas
  3 ball pythons
  6 bats
  7 frilled lizards
  A jackal zombie (D:7)
  5 kobolds
  9 rats
  A butterfly (Lair:3)
  A plant (Lair:4)
462 creatures vanquished.

Vanquished Creatures (collateral kills)
  A bullfrog (D:7)
  A killer bee (D:9)
  An orc wizard (D:9)
  2 orcs
5 creatures vanquished.

Vanquished Creatures (others)
  A polar bear (IceCv)
  A yak (IceCv)
  177 foxfires
  11 fungi
  6 plants
196 creatures vanquished.

Grand Total: 663 creatures vanquished

Notes
Turn   | Place    | Note
-------+----------+-------------------------------------------
     0 | D:1      | tempo the Deep Elf Wizard began the quest for the Orb.
     0 | D:1      | Reached XP level 1. HP: 10/10 MP: 7/7
   219 | D:1      | Reached XP level 2. HP: 8/15 MP: 4/9
   956 | D:2      | Reached skill level 5 in Spellcasting
   956 | D:2      | Reached XP level 3. HP: 20/20 MP: 4/11
   961 | D:2      | Learned a level 3 spell: Mephitic Cloud
   964 | D:2      | Learned a level 2 spell: Call Imp
   968 | D:2      | Learned a level 2 spell: Blink
   972 | D:2      | Learned a level 3 spell: Conjure Flame
  1298 | D:2      | Reached skill level 1 in Armour
  1356 | D:2      | Reached skill level 1 in Fighting
  1530 | D:2      | Found a sparkling altar of Nemelex Xobeh.
  1745 | D:2      | Reached XP level 4. HP: 25/25 MP: 10/13
  2897 | D:4      | Reached skill level 1 in Fire Magic
  2897 | D:4      | Reached skill level 1 in Poison Magic
  3034 | D:3      | Reached skill level 6 in Spellcasting
  3034 | D:3      | Reached XP level 5. HP: 21/29 MP: 1/15
  3209 | D:3      | Reached skill level 1 in Air Magic
  3448 | D:4      | Noticed a sky beast
  3463 | D:4      | Killed a sky beast
  3463 | D:4      | Reached XP level 6. HP: 34/34 MP: 13/17
  3544 | D:4      | Found a staircase to the Ecumenical Temple.
  3570 | Temple   | Entered the Ecumenical Temple
  3685 | Temple   | Became a worshipper of Vehumet
  3954 | D:4      | Found an opulent altar of Gozag.
  3989 | D:4      | Learned a level 1 spell: Apportation
  3989 | D:4      | You fall into a shaft and drop 3 floors!
  4030 | D:5      | Entered Level 5 of the Dungeon
  4042 | D:5      | Reached skill level 7 in Spellcasting
  4211 | D:5      | Reached XP level 7. HP: 28/38 MP: 16/19
  4960 | D:5      | Found a glowing golden altar of the Shining One.
  4962 | D:5      | Noticed an angel
  4983 | D:5      | Found a basalt altar of Yredelemnul.
  4985 | D:5      | Noticed a profane servitor
  5117 | D:5      | Got a bloodstained quarterstaff
  5386 | D:6      | Reached skill level 5 in Conjurations
  5390 | D:6      | Reached skill level 8 in Spellcasting
  5697 | D:5      | Reached XP level 8. HP: 19/44 MP: 1/22
  6342 | D:6      | Found a hide-covered altar of Uskayaw.
  6342 | D:6      | Found a bloodstained altar of Trog.
  6583 | D:7      | Reached * piety under Vehumet
  6583 | D:7      | Offered knowledge of Freeze by Vehumet.
  6583 | D:7      | Reached skill level 9 in Spellcasting
  6757 | D:7      | You fall into a shaft and drop 1 floor!
  7335 | D:7      | Noticed a hornet
  7371 | D:7      | Killed a hornet
  7371 | D:7      | Reached skill level 10 in Spellcasting
  7371 | D:7      | Reached XP level 9. HP: 50/50 MP: 2/25
  7846 | D:7      | Got an ichor-stained leather armour
  7857 | D:7      | Identified the +0 leather armour of Biang {Int+2} (You
                  | found it on level 7 of the Dungeon)
  8865 | D:8      | Offered knowledge of Foxfire by Vehumet.
  8868 | D:8      | Learned a level 1 spell: Foxfire
  9115 | D:8      | Identified the +5 quarterstaff "Grom" {vorpal, rElec rF+
                  | rN+ SInv} (You found it on level 5 of the Dungeon)
  9235 | D:9      | Reached skill level 5 in Fire Magic
  9356 | D:9      | Reached ** piety under Vehumet
  9386 | D:9      | Reached skill level 11 in Spellcasting
  9398 | D:9      | Reached skill level 1 in Evocations
  9501 | D:9      | Noticed a queen bee
  9517 | D:9      | Killed a queen bee
 10031 | D:9      | Reached XP level 10. HP: 56/56 MP: 19/27
 10101 | D:9      | Found a staircase to the Lair.
 10147 | D:9      | Noticed a moth of wrath
 10150 | D:9      | Found a bloodstained altar of Trog.
 10264 | D:9      | Offered knowledge of Inner Flame by Vehumet.
 10313 | D:9      | Reached *** piety under Vehumet
 10814 | D:9      | Found a stormy altar of Qazlal.
 10825 | D:9      | Reached skill level 12 in Spellcasting
 10899 | D:9      | Found a snail-covered altar of Cheibriados.
 10981 | D:10     | Entered Level 10 of the Dungeon
 11085 | D:10     | Offered knowledge of Dazzling Flash by Vehumet.
 12050 | D:10     | Found a staircase to the Orcish Mines.
 12162 | D:9      | Killed a moth of wrath
 12162 | D:9      | Reached skill level 10 in Conjurations
 12219 | Lair:1   | Entered Level 1 of the Lair of Beasts
 12219 | Lair:1   | Noticed a five-headed hydra
 12331 | D:11     | Reached **** piety under Vehumet
 12348 | D:11     | Offered knowledge of Bolt of Magma by Vehumet.
 12359 | D:11     | Learned a level 5 spell: Bolt of Magma
 12723 | D:11     | Reached skill level 13 in Spellcasting
 12723 | D:11     | Reached skill level 1 in Earth Magic
 12908 | D:11     | Reached XP level 11. HP: 60/60 MP: 16/30
 13049 | D:11     | Found a glowing silver altar of Zin.
 13105 | D:11     | Noticed a two-headed ogre
 13107 | D:11     | Killed a two-headed ogre
 13970 | D:11     | Noticed Psyche
 13984 | D:11     | Killed Psyche
 14440 | Lair:1   | Killed a five-headed hydra
 14475 | Lair:1   | Reached ***** piety under Vehumet
 14623 | Lair:1   | Offered knowledge of Conjure Ball Lightning by Vehumet.
 14740 | Lair:1   | Reached skill level 14 in Spellcasting
 15185 | Lair:1   | Noticed Joseph
 15188 | Lair:1   | Killed Joseph
 16066 | Lair:2   | Found a staircase to the Swamp.
 16739 | Lair:2   | Reached XP level 12. HP: 68/68 MP: 23/32
 16801 | Lair:2   | Found a staircase to the Snake Pit.
 17315 | Lair:2   | Noticed a seven-headed hydra
 17319 | Lair:2   | Killed a seven-headed hydra
 17409 | Lair:2   | Reached skill level 5 in Fighting
 17596 | Lair:2   | Reached skill level 15 in Spellcasting
 17840 | Lair:3   | Found a frozen archway.
 17917 | IceCv    | Entered an ice cave
 18970 | IceCv    | Reached skill level 16 in Spellcasting
 18970 | IceCv    | Reached skill level 5 in Armour
 19154 | IceCv    | Noticed a death yak
 19155 | IceCv    | Noticed a frost giant
 19168 | IceCv    | Killed a death yak
 19168 | IceCv    | Killed a frost giant
 19175 | IceCv    | Reached XP level 13. HP: 72/72 MP: 23/35
 19258 | IceCv    | Identified the Catalogue of Destructive Necromancy
 20357 | Lair:3   | Offered knowledge of Olgreb's Toxic Radiance by Vehumet.
 21038 | Temple   | Identified a scroll of acquirement
 21055 | Temple   | Acquired the +5 hat "Ubrih" {rPois rF- Slay+3}
 21662 | Lair:4   | Found a runed translucent gate.
 21662 | Lair:4   | Found a runed translucent gate.
 21662 | Lair:4   | Found a runed translucent gate.
 21841 | Lair:4   | Noticed Xyudeake's ghost (journeyman DEFE)
 22749 | Lair:5   | Reached skill level 10 in Fire Magic
 23083 | Lair:5   | Reached skill level 17 in Spellcasting
 23572 | Lair:5   | Found a runed translucent door.
 23573 | Lair:5   | Found a viscous altar of Jiyva.
 23574 | Lair:5   | Found a staircase to the Slime Pits.
 24669 | Lair:6   | Entered Level 6 of the Lair of Beasts
 24863 | Lair:6   | Slain by a komodo dragon

Illustrated notes

Levels and vault maps discovered:
D:1:      minmay_arrival_stair_chambers, layout_basic
D:2:      layout_basic, nemelex_diamond_rough_becter
D:3:      layout_basic
D:4:      layout_rooms, marbit_many_paths,
          minmay_temple_entry_statues_fountains, first_ration
D:5:      layout_basic, grunt_temple_overflow_holy_war
D:6:      layout_cave_pools, gammafunk_temple_overflow_statue
D:7:      layout_basic, corexii_checkpoint_b
D:8:      layout_basic
D:9:      layout_roguey [special_room_orc], slow_altar_2,
          nicolae_qazlal_eye_of_the_storm, lair_entry_dummy, david_nohive_1,
          tgw_trog
D:10:     layout_basic, orc_0_dummy
D:11:     layout_loops_corners, basic_altar, uniq_psyche
Temple:   regret_index_temple_generic_petals
Lair:1:   layout_layer_cave, infiniplex_staircase_pool_2, uniq_joseph
Lair:2:   layout_loops_ring, minmay_swamp_entry_eels,
          minmay_snake_entry_six_corridors
Lair:3:   layout_cave_pods, portal_ice_cave_demonic_guard, beast_lair_carwin_3,
          lemuel_fruit_fields
Lair:4:   layout_concentric_octagons, gammafunk_ghost_icy, serial_bayou_shore_a
Lair:5:   beast_lair_carwin_large_2, layout_layer_cave, slime_altar_2
Lair:6:   minmay_lair_end_enchanted_forest, layout_misc_corridors,
          chequers_serial_rivers_room_a, minmay_lair_oklob_chamber

Skill      XL: |  1  2  3  4  5  6  7  8  9 10 11 12 13 |
---------------+----------------------------------------+-----
Spellcasting   | 5 6 7 8 10 11 13 14 16 17 | 17.5
Armour         | 1 2 4 5 6 |  6.0
Fighting       | 1 2 3 4 5 |  5.3
Conjurations   | 2 3 4 5 7 9 10 12 13 14 | 14.6
Fire Magic     | 1 2 4 5 6 8 9 10 | 10.4
Poison Magic   | 1 |  1.0
Air Magic      | 1 |  1.0
Stealth        | 3 |  3.1
Dodging        | 3 |  3.0
Evocations     | 2 |  2.0
Earth Magic    | 1 |  1.1
Summonings     | |  1.1
Translocations | |  1.1

Action                   |  1- 3 |  4- 6 |  7- 9 | 10-12 | 13-15 || total
-------------------------+-------+-------+-------+-------+-------++-------
Melee: Unarmed           |       |     4 |       |       |       ||     4
       Dagger            |       |     3 |    21 |       |       ||    24
       Quarterstaff      |       |       |    17 |   132 |     7 ||   156
Throw: Dart              |     9 |    20 |       |       |       ||    29
 Cast: Magic Dart        |    78 |   131 |   330 |    77 |       ||   616
       Mephitic Cloud    |       |     4 |    31 |    54 |     4 ||    93
       Conjure Flame     |       |     2 |    15 |    39 |       ||    56
       Blink             |       |       |     7 |     1 |     1 ||     9
       Call Imp          |       |       |    10 |     3 |       ||    13
       Foxfire           |       |       |     5 |    86 |     4 ||    95
       Bolt of Magma     |       |       |       |   137 |   155 ||   292
Evoke: Wand              |       |       |       |     1 |       ||     1
  Use: Scroll            |       |       |    12 |     1 |    11 ||    24
 Stab: Confused          |       |       |     7 |    14 |       ||    21
  Eat: Chunk             |     2 |     7 |    12 |    25 |    17 ||    63
       Ration            |       |       |     2 |     1 |       ||     3
Armor: Robe              |     1 |       |       |       |       ||     1
       Leather armour    |       |    15 |    19 |    13 |       ||    47
       Ring mail         |       |       |       |    19 |    29 ||    48
Dodge: Dodged            |     6 |    41 |   113 |   115 |    17 ||   292
Block: Other             |       |       |       |       |     9 ||     9
